 Dungeon Crawl Stone Soup version 0.23-a0-139-ga22e90c (webtiles) character file.

460 Amnesiac the Skirmisher (level 7, -3/75 HPs)
             Began as an Ogre Monk on Aug 31, 2018.
             Was a Believer of Okawaru.
             Killed from afar by a jackal (25 damage)
             ... with an exploding inner flame
             ... hexed by the player character
             ... on level 3 of the Dungeon.
             The game lasted 00:06:45 (4372 turns).

Amnesiac the Skirmisher (Ogre Monk)                 Turns: 4372, Time: 00:06:46

Health: -3/75      AC:  6    Str: 18    XL:     7   Next: 7%
Magic:  7/7        EV: 10    Int: 11    God:    Okawaru [**....]
Gold:   56         SH:  0    Dex: 11    Spells: 6/6 levels left

rFire    . . .     SeeInvis .   b - +4 quarterstaff (chaos)
rCold    . . .     Gourm    .   (shield currently unavailable)
rNeg     . . .     Faith    .   q - +0 robe
rPois    .         Spirit   .   (helmet restricted)
rElec    .         Reflect  .   p - +2 cloak
rCorr    .         Harm     .   (gloves unavailable)
MR       .....                  (boots unavailable)
Stlth    ++........             (no amulet)
HPRegen  0.22/turn              (no ring)
MPRegen  0.10/turn              (no ring)

@: very slightly contaminated, invisible
A: large, unfitting armour, tough skin 1
a: Heroism, Renounce Religion


You were on level 3 of the Dungeon.
You worshipped Okawaru.
Okawaru was pleased with you.
You were hungry.

You visited 2 branches of the dungeon, and saw 6 of its levels.

You collected 56 gold pieces.

Inventory:

Hand Weapons
 a - a +0 dire flail
 b - a +4 quarterstaff of chaos (weapon)
Armour
 p - a +2 cloak (worn)
 q - a +0 robe (worn)
Scrolls
 e - a scroll of amnesia {!r, unknown}
 h - a scroll of fear {!r, unknown}
 n - a scroll of teleportation {!r}
Potions
 d - 3 potions of might {!q}
 f - a potion of agility {!q}
 g - a potion of mutation {!q}
 j - a potion of curing {!q}
Comestibles
 c - 5 rations


   Skills:
 + Level 6.2 Fighting
 * Level 6.2 Maces & Flails
 - Level 2.6 Dodging
 - Level 1.4 Stealth


You had 6 spell levels left.
You didn't know any spells.
Your spell library was empty.

Dungeon Overview and Level Annotations

Branches:
Dungeon (5/15)             Temple (1/1) D:5

Altars:
Ashenzari
Cheibriados
Dithmenos
Gozag
Hepliaklqana
Kikubaaqudgha
Makhleb
Nemelex Xobeh
Okawaru
Qazlal
Ru
Sif Muna
Trog
Uskayaw
Xom
Yredelemnul

Annotations:
D:3 Ijyb
D:4 1 runed door, EmperorV's ghost, amateur MiFi


Innate Abilities, Weirdness & Mutations

You are too large for most types of armour.
You have tough skin. (AC +1)


Message History

The jackal bites you but does no damage.
Ijyb zaps a wand.
You are blasted!
* * * LOW HITPOINT WARNING * * *
Really read
k - a scroll labeled FYAFFA YCILISCH {!r}?
As you read the scroll labeled FYAFFA YCILISCH {!r}, it crumbles to dust.
The creatures around you are filled with an inner flame!
It was a scroll of immolation {!r}.
You are feeling hungry.
The jackal bites you but does no damage.
Ijyb hits you with a club.
* * * LOW HITPOINT WARNING * * *
The jackal bites you but does no damage.
Okay, then.
Really quaff
i - a potion of heal wounds {!q}?
You feel much better. Ijyb hits you with a club.
* * * LOW HITPOINT WARNING * * *
The jackal bites you but does no damage.
Ijyb zaps a wand.
You struggle to resist.
Really quaff
j - a potion of curing {!q}?
Okay, then.
Really quaff
l - a potion of invisibility {!q}?
You fade into invisibility!
The jackal closely misses you. Ijyb barely misses you. The jackal bites you.
* * * LOW HITPOINT WARNING * * *
You are very lightly contaminated with residual magic.
Ijyb zaps a wand.
You aren't carrying any items that you can evoke.
Unknown command.
Ijyb zaps a wand.
The jackal bites you but does no damage.
Found a scroll of identify.
The jackal misses you.
There is an open door here.
The jackal stops to sniff the ground.
The jackal bites you but does no damage.
As you open the door, it creaks loudly!
A goblin and an orc come into view.
The goblin shouts!
The orc shouts!
The goblin shoots a stone.
The stone completely misses you. The jackal barely misses you.
The orc moves out of view.
The orc barely misses you.
The goblin shoots a stone.
The stone hits you but does no damage. The jackal closely misses you.
There is an open door here.
You see here a stone.
The goblin unwields an uncursed hunting sling.
The goblin misses you.
A goblin comes into view. It is wielding a hunting sling.
The goblin shoots a stone.
The stone misses you.
You hear a splash.
The goblin shoots a stone.
The stone closely misses you.
The stone hits the jackal.
The goblin wields an uncursed hunting sling.
The goblin shoots a stone.
The stone hits the orc but does no damage.
The jackal bites you.
* * * LOW HITPOINT WARNING * * *
The goblin shoots a stone.
The stone closely misses you.
The stone hits the jackal.
The jackal explodes!
The fiery explosion engulfs the orc.
You kill the orc!
Okawaru accepts your kill. The fiery explosion engulfs you!
You die...

#...'...g..g',,,*≈≈*
#..)#.......*####≈≈#
#..)##########...≈≈#
#.(..........#...≈≈#
#.........g..#...≈≈#
##'##.....##'##..≈≈#
#...#.....#...#g.≈≈#
#...#.....#(..#..≈≈#
#...#.....#.g.#@§≈≈#
##'##.....##(##§.≈≈#
#.).#.....#g.(§§§≈≈#
#...#..(..#.....≈≈≈#
#≈≈≈#.....#≈≈≈≈≈≈≈##
#≈≈≈##'''##≈≈≈≈≈≈##
##≈≈≈≈...≈≈≈≈#####
###≈≈...≈≈###
###...###


You could see a goblin.

Vanquished Creatures
  Blork the orc (D:4)
  Crazy Yiuf (D:2)
  2 hounds (D:4)
  2 orc priests
  2 worker ants (D:4)
  A worker ant zombie (D:3)
  4 adders
  3 gnolls (D:4)
  An ooze (D:1)
  3 worms (D:3)
  A dart slug (D:1)
  A leopard gecko (D:4)
  16 orcs
  2 ball pythons (D:2)
  5 giant cockroaches
  13 goblins
  9 hobgoblins
  2 jackals (D:3)
  2 quokkas
  8 bats
  7 frilled lizards
  2 kobolds
  11 rats
99 creatures vanquished.

Notes
Turn   | Place    | Note
-------+----------+-------------------------------------------
     0 | D:1      | Amnesiac the Ogre Monk began the quest for the Orb.
     0 | D:1      | Reached XP level 1. HP: 24/24 MP: 1/1
   151 | D:1      | Reached XP level 2. HP: 31/32 MP: 2/2
   874 | D:2      | Reached XP level 3. HP: 37/39 MP: 3/3
  1293 | D:2      | Found a faded altar of an unknown god.
  1456 | D:2      | Reached XP level 4. HP: 45/48 MP: 4/4
  1680 | D:2      | Found a runed door.
  2436 | D:3      | Noticed Ijyb
  2544 | D:3      | Reached XP level 5. HP: 45/55 MP: 5/5
  2861 | D:3      | Reached skill level 5 in Maces & Flails
  2989 | D:3      | Reached skill level 5 in Fighting
  3272 | D:4      | Reached XP level 6. HP: 47/66 MP: 6/6
  3519 | D:4      | Noticed Blork the orc
  3547 | D:5      | Entered Level 5 of the Dungeon
  3675 | D:5      | Found a staircase to the Ecumenical Temple.
  3684 | Temple   | Entered the Ecumenical Temple
  3726 | Temple   | Became a worshipper of Warmaster Okawaru
  3726 | Temple   | Reached * piety under Okawaru
  3726 | Temple   | Reached ** piety under Okawaru
  3792 | D:4      | Killed Blork the orc
  3881 | D:4      | Found a runed door.
  3881 | D:4      | Noticed EmperorV's ghost (amateur MiFi)
  4057 | D:4      | Found a burning altar of Makhleb.
  4064 | D:4      | Found an ancient bone altar of Kikubaaqudgha.
  4064 | D:4      | Found a stormy altar of Qazlal.
  4067 | D:4      | Found a hazy altar of Hepliaklqana.
  4068 | D:4      | Found a deep blue altar of Sif Muna.
  4069 | D:4      | Found an opulent altar of Gozag.
  4237 | D:2      | Noticed Crazy Yiuf
  4243 | D:2      | Killed Crazy Yiuf
  4243 | D:2      | Reached XP level 7. HP: 63/75 MP: 7/7
  4372 | D:3      | Killed from afar by a jackal

Vault maps used:
D:1:      erik_arrival_triangle_large, serial_forest,
          infiniplex_forest_corner_2, infiniplex_forest_clump_medium,
          infiniplex_forest_lined_2, infiniplex_forest_diagonal,
          infiniplex_forest_lined_2
D:2:      chequers_ecumenical_altar_simple_redux, uniq_crazy_yiuf_cottage
D:3:      kennysheep_goblin_castle, first_ration
D:4:      minitemple, fedhas_altar_1, hellmonk_ghost_happy_afterlife,
          serial_glass, glass_columns_a, glass_columns_c, glass_columns_a,
          glass_columns_a, glass_columns_a, glass_columns_b, glass_columns_c,
          glass_columns_a, glass_columns_c, glass_columns_a,
          nicolae_gozag_cash_rules_everything_around_me, uniq_pikel,
          uniq_sigmund, uniq_blork_the_orc
D:5:      lemuel_round_altar, temple_pool_b, due_unseen_surprise
Temple:   cyrus_temple_forest

Skill      XL: |  1  2  3  4  5  6 |
---------------+-------------------+-----
Maces & Flails | 3 4 5 6 |  6.2
Fighting       | 5 6 |  6.2
Dodging        | |  2.6
Stealth        | |  1.4

Action                   |  1- 3 |  4- 6 |  7- 9 || total
-------------------------+-------+-------+-------++-------
Melee: Mace              |    88 |   121 |       ||   209
       Flail             |       |    84 |       ||    84
       Dire flail        |       |    45 |       ||    45
       Quarterstaff      |       |       |     9 ||     9
Invok: Heroism           |       |     2 |       ||     2
  Use: Scroll            |     2 |     4 |     2 ||     8
       Potion            |       |       |     2 ||     2
 Stab: Sleeping          |     6 |     6 |       ||    12
  Eat: Chunk             |     2 |     9 |       ||    11
Armor: Robe              |    23 |    52 |    14 ||    89
Dodge: Dodged            |    45 |   119 |    23 ||   187

Table legend:
 A = Non-vault XP
 B = Vault XP
 C = Vault XP percentage of total XP
 D = Non-vault monster count
 E = Vault monster count
 F = Vault count percentage of total count
                 A         B        C        D         E       F
            +---------+---------+-------+---------+---------+-------
      Total |     500 |     158 |  24.0 |      89 |      10 |  10.1
            +---------+---------+-------+---------+---------+-------
        D:1 |      30 |       0 |   0.0 |      16 |       0 |   0.0
        D:2 |      77 |      42 |  35.3 |      25 |       1 |   3.8
        D:3 |     123 |      16 |  11.5 |      31 |       8 |  20.5
        D:4 |     229 |     100 |  30.4 |      16 |       1 |   5.9
        D:5 |      41 |       0 |   0.0 |       1 |       0 |   0.0
            +---------+---------+-------+---------+---------+-------
